 Dungeon Crawl Stone Soup version 0.21-a0-203-gb066a6e (webtiles) character file.

102 MUCK the Skirmisher (level 4, -16/37 HPs)
             Began as a Mummy Chaos Knight on Aug 19, 2017.
             Demolished by a chaos spawn (17 damage)
             ... summoned by Xom
             ... on level 1 of the Dungeon.
             The game lasted 00:01:38 (1281 turns).

MUCK the Skirmisher (Mummy Chaos Knight)            Turns: 1281, Time: 00:01:38

Health: -16/37     AC:  5    Str: 16      XL:     4   Next: 50%
Magic:  4/4        EV: 11    Int: 11      God:
Gold:   12         SH:  0    Dex: 10 (11) Spells: 3/3 levels left

rFire    x . .     SeeInvis .   a - +0 mace (chaos)
rCold    + . .     Gourm    .   (no shield)
rNeg     + + +     Faith    .   b - +2 leather armour
rPois    ∞         Spirit   .   (no helmet)
rElec    .         Reflect  .   (no cloak)
rCorr    .         Harm     .   (no gloves)
MR       .....                  (no boots)
Stlth    +.........             (no amulet)
HPRegen  0.12/turn              (no ring)
MPRegen  0.09/turn              (no ring)

@: no status effects
A: no food or potions, fire vulnerability, cold resistance 1, negative energy
resistance 3, torment resistance, unbreathing
a: no special abilities


You were on level 1 of the Dungeon.
You were not hungry.

You visited 1 branch of the dungeon, and saw 1 of its levels.

You collected 12 gold pieces.

Inventory:

Hand Weapons
 a - a +0 mace of chaos (weapon)
Missiles
 d - 19 stones (quivered)
Armour
 b - a +2 leather armour (worn)
Scrolls
 c - 2 scrolls of identify


   Skills:
 - Level 4.0 Fighting
 + Level 3.4 Maces & Flails
 - Level 2.0 Armour
 - Level 1.1 Dodging


You had 3 spell levels left.
You didn't know any spells.

Dungeon Overview and Level Annotations

Branches:
Dungeon (1/15)

Altars:


Innate Abilities, Weirdness & Mutations

You do not eat or drink.
Your flesh is vulnerable to fire.
You are immune to poison.
Your flesh is cold resistant. (rC+)
You are immune to negative energy. (rN+++)
You are immune to unholy pain and torment.
You can survive without breathing.


Message History

The quasit claws you but does no damage.
Unknown command.
Unknown command.
You closely miss something. The quasit closely misses you.
The quasit claws you but does no damage. x2
The chaos spawn hits you.
You are engulfed in flames!
The fire burns you terribly!
* * * LOW HITPOINT WARNING * * *
Something hits you but does no damage. The rust devil completely misses you.
You miss something. The quasit misses you. The quasit barely misses you.
The quasit closely misses you. The chaos spawn closely misses you.
Something hits you.
* * * LOW HITPOINT WARNING * * *
The rust devil closely misses you. The quasit barely misses you. x2
The quasit closely misses you.
You closely miss something. The quasit closely misses you. x2
The quasit claws you but does no damage.
The chaos spawn hits you!
You die...
Xom cackles wildly!

#............# #######.#
########.##.## #.#
#.##.# #.# #.##.# #.#
#.##.# #.#
#.##.##########.#
#.##5##5>.......######
#.##5#4#.######.......
#...{@###.......######
######4#.#############
##5## #....
#.##########.###
#............#
#.############ #.# #####
#.# #####
##8.8######.########...#


You could see a rust devil, a chaos spawn, 2 quasits, a crimson imp and an
ufetubus.

Vanquished Creatures
  A boggart (D:1)
  A dart slug (D:1)
  A ball python (D:1)
  A giant cockroach (D:1)
  3 goblins (D:1)
  3 hobgoblins (D:1)
  4 bats (D:1)
  A frilled lizard (D:1)
  2 kobolds (D:1)
  4 rats (D:1)
21 creatures vanquished.

Notes
Turn   | Place    | Note
-------+----------+-------------------------------------------
     0 | D:1      | MUCK the Mummy Chaos Knight began the quest for the Orb.
     0 | D:1      | Reached XP level 1. HP: 18/18 MP: 1/1
     0 | D:1      | Fell from the grace of Xom
    72 | D:1      | XOM: summons 2 hostile shadow creatures
   551 | D:1      | Noticed a boggart
   551 | D:1      | an ooze changed into a boggart
   559 | D:1      | Killed a boggart
   559 | D:1      | Reached skill level 1 in Dodging
   559 | D:1      | Reached XP level 2. HP: 15/25 MP: 2/2
   559 | D:1      | Reached XP level 3. HP: 18/30 MP: 3/3
   559 | D:1      | Reached XP level 4. HP: 22/37 MP: 4/4
   902 | D:1      | Reached skill level 4 in Fighting
  1274 | D:1      | XOM: summons 7 hostile demons
  1275 | D:1      | Noticed a chaos spawn
  1275 | D:1      | Noticed a rust devil
  1280 | D:1      | HP: 1/37 [something (3)]
  1281 | D:1      | Demolished by a chaos spawn

Vault maps used:
D:1:      mrwooster_arrival_statue_3

Skill      XL: |  1  2  3  4 |
---------------+-------------+-----
Maces & Flails | 3 |  3.4
Armour         | 2 |  2.0
Dodging        | 1 |  1.1
Fighting       | 4 |  4.0

Action                   |  1- 3 |  4- 6 || total
-------------------------+-------+-------++-------
Melee: Mace              |    29 |    45 ||    74
Invok: Renounce Religion |     1 |       ||     1
  Use: Scroll            |       |     1 ||     1
Armor: Leather armour    |    18 |    27 ||    45
Dodge: Dodged            |    29 |    46 ||    75
